 Dungeon Crawl Stone Soup version 0.18.1-48-g4cf74bf (webtiles) character file.

801 Kugarra the Vexing (level 7, -7/32 HPs)
             Began as a Spriggan Enchanter on Aug 19, 2016.
             Shot with an arrow by a centaur (9 damage)
             ... on level 5 of the Dungeon.
             The game lasted 00:25:53 (3764 turns).

Kugarra the Vexing (Spriggan Enchanter)             Turns: 3764, Time: 00:25:53

Health: -7/32      AC:  3    Str:  4    XL:     7   Next: 59%
Magic:  14/14      EV: 18    Int: 19    God:
Gold:   280        SH:  0    Dex: 16    Spells: 3 memorised, 9 levels left

rFire  . . .     SeeInvis +     a - +2 dagger
rCold  + . .     Gourm    .     b - +1 robe
rNeg   . . .     Faith    .     (shield restricted)
rPois  .         Spirit   .     (helmet restricted)
rElec  .         Dismiss  .     (no cloak)
rCorr  .         Reflect  .     (gloves unavailable)
SustAt .         Harm     .     (boots unavailable)
MR     +....                    (no amulet)
Stlth  +++.......               (no ring)
                                q - ring of protection from cold

@: very slightly contaminated, hasted, very quick, somewhat resistant to hostile
enchantments, fairly stealthy
A: unfitting armour, see invisible, herbivore 3, speed 3, slow metabolism 2
a: no special abilities


You were on level 5 of the Dungeon.
You were hungry.

You visited 1 branch of the dungeon, and saw 5 of its levels.

You collected 280 gold pieces.

Inventory:

Hand Weapons
 a - a +2 dagger (weapon)
 p - a +2 dagger of draining
Armour
 b - a +1 robe (worn)
 m - a +0 buckler
Magical Staves
 n - an uncursed staff of air {unknown}
Jewellery
 q - a ring of protection from cold (left hand)
Scrolls
 g - a scroll of random uselessness
 h - a scroll of recharging
Potions
 e - 3 potions of agility
 j - a potion of cure mutation {unknown}
 k - a potion of beneficial mutation {unknown}
 l - 2 potions of haste
 o - a potion of might {unknown}
 u - a potion of curing {unknown}
Books
 c - a book of Maledictions

   Spells                             Type                      Level
   a - Corona                         Hexes                        1
   b - Ensorcelled Hibernation        Hexes/Ice                    2
   c - Confuse                        Hexes                        3
   d - Tukima's Dance                 Hexes                        3
   e - Dazzling Spray                 Conjuration/Hexes            3
Comestibles
 d - 9 bread rations
 f - 2 fruits
 r - 2 slices of pizza


   Skills:
 - Level 5.9 Short Blades
 - Level 3.0 Dodging
 - Level 4.4 Stealth
 * Level 4.5 Spellcasting
 - Level 7.0 Hexes
 - Level 2.1 Ice Magic


You had 9 spell levels left.
You knew the following spells:

 Your Spells              Type           Power        Failure   Level  Hunger
a - Corona                Hex            ####...      1%          1    None
b - Ensorcelled Hibernat  Hex/Ice        ###...       3%          2    #......
c - Confuse               Hex            ####....     1%          3    ###....


Dungeon Overview and Level Annotations

Branches:
Dungeon (5/15)
 Temple: D:4-7

Altars:
Ashenzari
Cheibriados
Elyvilon
Vehumet
Yredelemnul
Zin

Annotations:
D:5 Darguel's ghost, amateur TeAE


Innate Abilities, Weirdness & Mutations

You are tiny and cannot use many weapons and most armour.
You have supernaturally acute eyesight.
You are a herbivore.
You cover ground extremely quickly.
You need consume almost no food.


Message History

The centaur shoots an arrow.
The arrow completely misses you.
You see here an arrow.
The centaur shoots an arrow.
The arrow hits you!
* * * LOW HITPOINT WARNING * * *
Darguel's ghost lets out a mournful wail.
You see here an arrow.
Drink which item? (? for menu, Esc to quit)
You feel yourself speed up.
The centaur shoots an arrow.
The arrow barely misses you.
You are very lightly contaminated with residual magic.
The centaur shoots an arrow.
The arrow hits you.
* * * LOW HITPOINT WARNING * * *
You see here an arrow.
Darguel's ghost gestures at you while chanting.
The zap misses you.
The centaur shoots an arrow.
The arrow misses you.
Drink which item? (? for menu, Esc to quit)
It was a potion of magic.
Magic courses through your body.
The centaur shoots an arrow.
The arrow hits you!
You die...

$#.....## #.......# ##....#
###.......# #####...##
###........(# ........##
####....c......#
.........###..............#
..........................##
...........................##
#......##...................#
####... #....@..(.W(......###
#..# #.......#######/.## #..
##...(..## #.## #.# #.##..###
.## #.#####.# ## ## ##


You could see a centaur and Darguel's ghost.

Vanquished Creatures
  Sigmund (D:2)
  A wyvern (D:4)
  Duvessa (D:5)
  An ogre (D:4)
  Dowan (D:5)
  A hound (D:4)
  An orc wizard (D:4)
  Terence (D:2)
  Robin (D:4)
  4 adders
  3 oozes
  A worm (D:2)
  A dart slug (D:4)
  5 giant geckos
  11 orcs
  2 ball pythons
  5 bats
  2 giant cockroaches (D:1)
  12 hobgoblins
  7 jackals (D:4)
  3 giant newts
  18 goblins
  A jackal skeleton (D:5)
  3 kobolds
  A quokka skeleton (D:3)
  36 rats
124 creatures vanquished.

Notes
Turn   | Place    | Note
--------------------------------------------------------------
     0 | D:1      | Kugarra the Spriggan Enchanter began the quest for the Orb.
     0 | D:1      | Reached XP level 1. HP: 9/9 MP: 5/5
   209 | D:1      | Reached XP level 2. HP: 7/13 MP: 6/6
   252 | D:1      | Learned a level 2 spell: Ensorcelled Hibernation
   688 | D:2      | Reached XP level 3. HP: 13/16 MP: 2/8
   792 | D:2      | Found a snail-covered altar of Cheibriados.
   792 | D:2      | Found a basalt altar of Yredelemnul.
   792 | D:2      | Found a radiant altar of Vehumet.
   821 | D:2      | Noticed Sigmund
   825 | D:2      | Killed Sigmund
   825 | D:2      | Reached skill level 5 in Short Blades
   825 | D:2      | Reached XP level 4. HP: 21/21 MP: 6/9
   825 | D:2      | Reached XP level 5. HP: 24/24 MP: 6/10
   868 | D:2      | Learned a level 3 spell: Confuse
   936 | D:2      | Noticed Terence
   943 | D:2      | Killed Terence
   943 | D:2      | Reached skill level 4 in Hexes
   988 | D:2      | You fall through a shaft for 2 floors!
   998 | D:4      | Noticed a wyvern
  1047 | D:4      | Killed a wyvern
  1047 | D:4      | Reached skill level 6 in Hexes
  1047 | D:4      | Reached XP level 6. HP: 28/28 MP: 11/11
  2170 | D:3      | Found a shattered altar of Ashenzari.
  2349 | D:3      | Found a white marble altar of Elyvilon.
  2484 | D:4      | Noticed Robin
  2539 | D:4      | Killed Robin
  2559 | D:4      | Reached skill level 7 in Hexes
  2577 | D:4      | Reached XP level 7. HP: 18/32 MP: 3/12
  2977 | D:4      | Reached skill level 1 in Ice Magic
  3305 | D:4      | Found a glowing silver altar of Zin.
  3409 | D:5      | Entered Level 5 of the Dungeon
  3455 | D:5      | Noticed Duvessa
  3462 | D:5      | Noticed Dowan
  3491 | D:5      | Killed Dowan
  3501 | D:5      | Killed Duvessa
  3684 | D:5      | Noticed Darguel's ghost (amateur TeAE)
  3764 | D:5      | Shot with an arrow by a centaur

Skill      XL: |  1  2  3  4  5  6  7 |
---------------+----------------------+-----
Short Blades   | 2 3 5 |  5.9
Hexes          | 6 7 |  7.0
Ice Magic      | 2 |  2.1
Spellcasting   | 4 |  4.5
Dodging        | |  3.0
Stealth        | |  4.4

Action                   |  1- 3 |  4- 6 |  7- 9 || total
-------------------------+-------+-------+-------++-------
Melee: Dagger            |    87 |   213 |    83 ||   383
 Cast: Ensorcelled Hiber |     8 |    24 |    12 ||    44
       Confuse           |       |       |    13 ||    13
  Use: Scroll            |       |     6 |     6 ||    12
       Potion            |       |       |     2 ||     2
 Stab: Sleeping          |    12 |    35 |     5 ||    52
       Confused          |       |       |     7 ||     7
  Eat: Fruit             |       |     1 |     1 ||     2
       Royal jelly       |       |       |     1 ||     1
Armor: Robe              |     7 |    17 |     4 ||    28
Dodge: Dodged            |    71 |   113 |    49 ||   233
